 Dungeon Crawl Stone Soup version 0.30.1-9-gdf580d7c3d (webtiles) character file.

Game seed: 605458082372893641

157 KittyFluff the Cudgeller (level 5, 0/33 HPs)
             Began as a Gargoyle Berserker on Oct 20, 2023.
             Was a Believer of Trog.
             Killed by divine providence
             ... invoked by an orc priest
              (13 damage)
             ... on level 3 of the Dungeon.
             The game lasted 00:09:26 (2232 turns).

KittyFluff the Cudgeller (Gargoyle Berserker)       Turns: 2232, Time: 00:09:27

Health: 0/33       AC:  9    Str: 23    XL:     5   Next: 38%
Magic:  5/5        EV: 11    Int:  7    God:    Trog [**....]
Gold:   57         SH:  3    Dex:  9    Spells: 4/4 levels left

rFire   . . .        a - +0 mace
rCold   . . .        m - +0 buckler
rNeg    + + .        q - +0 robe {rN+}
rPois   ∞            z - +2 hat
rElec   +            u - +0 cloak {Will+}
rCorr   .            (no gloves)
SInv    .            (no boots)
Will    +....        (no amulet)
Stlth   +            (no ring)
HPRegen 0.25/turn    (no ring)
MPRegen 0.09/turn

%: no passive effects
@: no status effects
A: sickness immunity, AC +4, negative energy resistance 1, electricity
resistance, torment resistance 1, petrification resistance
a: Renounce Religion, Berserk, Trog's Hand


You were on level 3 of the Dungeon.
You worshipped Trog.
Trog was pleased with you.
You visited 1 branch of the dungeon, and saw 3 of its levels.

You collected 57 gold pieces.

Inventory:

Hand Weapons
 a - a +0 mace (weapon)
 t - a +4 quarterstaff of chaos
Missiles
 i - 2 poisoned darts (quivered)
 w - 6 curare-tipped darts
Armour
 b - the +1 ring mail of the Bard {Str+6}
   (You took it off a goblin on level 2 of the Dungeon)

   Str:       It affects your strength (+6).
 m - a +0 buckler (worn)
 q - a +0 robe of positive energy (worn)
 u - a +0 cloak of willpower (worn)
 z - a +2 hat (worn)
Jewellery
 l - an amulet of regeneration
Wands
 f - a wand of digging (5)
 y - a wand of acid (6)
Scrolls
 c - 4 scrolls of enchant weapon {unknown}
 e - 2 scrolls of blinking {unknown}
 g - 2 scrolls of identify {unknown}
 h - a scroll of fog {unknown}
 j - a scroll of noise {unknown}
 n - 2 scrolls of teleportation {unknown}
 o - a scroll of summoning {unknown}
 r - a scroll of magic mapping {unknown}
 s - a scroll of fear {unknown}
 v - a scroll of brand weapon {unknown}
 A - a scroll of poison {unknown}
Potions
 d - a potion of lignification {unknown}
 k - 4 potions of curing {unknown}
 p - 3 potions of haste {unknown}
 x - a potion of attraction {unknown}
 B - a potion of resistance {unknown}


   Skills:
 + Level 3.9 Fighting
 * Level 4.0 Maces & Flails
 * Level 3.8 Armour
 + Level 2.1 Dodging
 + Level 1.4 Shields


You had 4 spell levels left.
You didn't know any spells.
Your spell library was empty.

Dungeon Overview and Level Annotations

Branches:
Dungeon (3/15)

Altars:

Shops:
D:2 !(*=*


Innate Abilities, Weirdness & Mutations

You are immune to sickness and miasma.
Your stone body is resilient. (AC +4)
You are immune to poison.
You resist negative energy. (rN+)
You are resistant to electric shocks. (rElec)
You are resistant to unholy torment.
You are immune to petrification.


Message History

You sock the orc!
You kill the orc!
Trog accepts your kill.
The orc priest casts a cantrip, but nothing happens.
Something hits you but does no damage.
You hit something but do no damage. Something hits you. Something burns you.
You sock something!
The orc priest invokes the aid of Beogh against you.
Something hits you but does no damage.
You miss something.
The orc priest casts a cantrip, but nothing happens.
Something barely misses you.
You miss something. Something hits you but does no damage. Something hits you.
Something burns you.
You sock something! Trog accepts your kill.
Trog appreciates your killing of a magic user.
Reactivating autopickup.
You feel a bit more experienced.
Your Maces & Flails skill increases to level 4!
You hit the orc priest but do no damage.
The orc priest begins to cast a cantrip, but forgets the words!
You barely miss the orc priest.
The orc priest mumbles some strange prayers to Beogh against you.
Beogh smites you!
You hit the orc priest but do no damage.
The orc priest misses you. You block the orc priest's attack.
You barely miss the orc priest.
The orc priest hits you with a +0 short sword.
You closely miss the orc priest.
The orc priest hits you but does no damage.
You hit the orc priest but do no damage.
You block the orc priest's attack.
You hit the orc priest but do no damage.
The orc priest looks encouraged for a moment.
You hit the orc priest but do no damage.
The orc priest hits you but does no damage.
The orc priest invokes the aid of Beogh against you.
Beogh smites you!
You die...

#......#
###.#### #.#
#.# #.# #.# #
#.#
###..########.#
......o@......#
###.###########


You could see an orc priest.

Vanquished Creatures
  Crazy Yiuf (D:2)
  Ijyb (D:3)
  An orc wizard (D:3)
  An adder (D:3)
  A worm (D:2)
  2 dart slugs
  3 orcs (D:3)
  6 ball pythons
  7 endoplasms
  3 hobgoblins
  4 jackals (D:1)
  A quokka (D:2)
  2 bats
  4 frilled lizards
  8 goblins
  4 kobolds
  6 rats
55 creatures vanquished.

Notes
Turn   | Place    | Note
-------+----------+-------------------------------------------
     0 | D:1      | KittyFluff the Gargoyle Berserker began the quest for the
                  | Orb.
     0 | D:1      | Reached XP level 1. HP: 14/14 MP: 1/1
   371 | D:1      | Reached XP level 2. HP: 19/19 MP: 2/2
   722 | D:1      | Reached XP level 3. HP: 23/23 MP: 3/3
   923 | D:2      | Found Qilor's Jewellery Shop.
   945 | D:2      | Reached ** piety under Trog
   992 | D:2      | Identified the +1 ring mail of the Bard {Str+6}
  1230 | D:2      | Found Rileix's General Store.
  1278 | D:2      | Found a runed translucent door.
  1279 | D:2      | Noticed Crazy Yiuf
  1285 | D:2      | Killed Crazy Yiuf
  1286 | D:2      | Reached XP level 4. HP: 29/29 MP: 0/4
  1363 | D:2      | Found Muecaec's Antique Weapon Shoppe.
  1470 | D:2      | Found Dean's Distillery.
  1474 | D:2      | Reached skill level 1 in Shields
  1555 | D:2      | Found Goptuqes's General Store.
  1835 | D:3      | Noticed Ijyb
  1853 | D:3      | Killed Ijyb
  2179 | D:3      | Reached XP level 5. HP: 28/33 MP: 5/5
  2225 | D:3      | Reached skill level 4 in Maces & Flails
  2232 | D:3      | Killed from afar by an orc priest

Illustrated notes

Levels and vault maps discovered:
D:1:      onia_arrival_mini_spirals, layout_basic
D:2:      layout_basic, serial_shops, nicolae_shop_tiny_glass,
          nicolae_shop_behind_doors, shop, shop, shop, dk_vineyard_3,
          uniq_crazy_yiuf_cottage
D:3:      layout_loops_corners, chequers_decorated_corner, uniq_ijyb,
          uniq_natasha

Skill      XL: |  1  2  3  4  5 |
---------------+----------------+-----
Armour         | 3 |  3.8
Dodging        | 2 |  2.1
Shields        | 1 |  1.4
Maces & Flails | 4 |  4.0
Fighting       | |  3.9

Action                     |  1- 3 |  4- 6 || total
---------------------------+-------+-------++-------
  Melee: Mace              |    84 |    95 ||   179
 Invoke: Berserk           |     1 |       ||     1
   Stab: Sleeping          |     1 |     1 ||     2
 Armour: Animal skin       |    20 |       ||    20
         Robe              |    10 |    49 ||    59
  Dodge: Dodged            |    70 |    46 ||   116
  Block: Buckler           |     4 |    30 ||    34
